 Seeded DCSS version 0.31-a0-844-gdc52ec4e09 (webtiles) character file.

Game seed: 4650116273386822121 (custom seed)

225971 qw the Crack Shot (level 19, -4/130 HPs)
             Began as a Gargoyle Hunter on Sept 29, 2023.
             Was a High Priest of Okawaru.
             Slain by a +5 glaive of distortion (12 damage)
             ... animated by Zenata
             ... on level 2 of the Vaults.
             The game lasted 00:16:59 (29779 turns).

qw the Crack Shot (Gargoyle Hunter)                Turns: 29779, Time: 00:16:59

Health: -4/130     AC: 44    Str: 17    XL:     19   Next: 34%
Magic:  26/26      EV: 26    Int: 13    God:    Okawaru [*****.]
Gold:   702        SH:  0    Dex: 19    Spells: 18/18 levels left

rFire   + + .        v - +6 triple crossbow (heavy)
rCold   . . .        (shield currently unavailable)
rNeg    + . .        m - +4 ring mail "Vamapno" {rElec Int+3 Slay+3}
rPois   inf          w - +0 helmet
rElec   +            q - +2 cloak "Wyfeitev" {*Slow rPois rF++}
rCorr   .            p - +1 pair of gloves
SInv    .            k - +2 pair of boots
Will    +....        o - amulet of faith
Stlth   +            i - ring of the Tortoise {AC+8}
HPRegen 0.41/turn    h - ring of the Hare {EV+10}
MPRegen 0.20/turn

%: slow self (1%), faith
@: about to teleport, finesse-ful, flying, slowed, very slow
A: sickness immunity, AC +14, big wings, negative energy resistance 1,
electricity resistance, torment resistance 1, petrification resistance
}: 1/15 runes: barnacled
a: Renounce Religion, Heroism, Finesse, Duel


You were on level 2 of the Vaults.
You worshipped Okawaru.
Okawaru was extremely pleased with you.
You visited 7 branches of the dungeon, and saw 32 of its levels.
You also visited: Gauntlet.

You collected 3198 gold pieces.
You spent 2496 gold pieces at shops.


Innate Abilities, Weirdness & Mutations

You are immune to sickness and miasma.
Your stone body is resilient. (AC +14)
You are immune to poison.
Your large and strong wings let you fly.
You resist negative energy. (rN+)
You are resistant to electric shocks. (rElec)
You are resistant to unholy torment.
You are immune to petrification.


   Skills:
 - Level 18.0 Fighting
 + Level 25.1 Ranged Weapons
 - Level 11.0 Armour
 - Level 9.0 Dodging
 - Level 1.1 Stealth
 - Level 10.0 Invocations


You had 18 spell levels left.
You didn't know any spells.
Your spell library was empty.

Inventory:

Hand Weapons
 v - a +6 heavy triple crossbow (weapon)
Armour
 k - a +2 pair of boots (worn)
 l - a +2 cloak
 m - the +4 ring mail "Vamapno" (worn) {rElec Int+3 Slay+3}
   (You found it on level 11 of the Dungeon)

   Int+3:     It affects your intelligence (+3).
   Slay+3:    It affects your accuracy & damage with ranged weapons and melee
   (+3).
   rElec:     It insulates you from electricity.
 p - a +1 pair of gloves (worn)
 q - the +2 cloak "Wyfeitev" (worn) {*Slow rPois rF++}
   (Okawaru gifted it to you on level 5 of the Lair of Beasts)

   rF++:      It greatly protects you from fire.
   rPois:     It protects you from poison *Slow: It may slow you when you take
   damage.
 u - a +2 robe of resistance
 w - a +0 helmet (worn)
Jewellery
 f - the brooch of Shielding {Spirit SH+8}
   (You bought it in a shop on level 2 of the Orcish Mines)

   [amulet of guardian spirit]

   Spirit:    It causes incoming damage to be divided between your reserves of
   health and magic.
   SH+8:      It affects your SH (+8).
 h - the ring of the Hare (right hand) {EV+10}
   (You found it in a Gauntlet)

   [ring of evasion]

   EV+10:     It affects your evasion (+10).
 i - the ring of the Tortoise (left hand) {AC+8}
   (You found it on level 5 of the Lair of Beasts)

   [ring of protection]

   AC+8:      It affects your AC (+8).
 o - an amulet of faith (around neck)
Wands
 t - a wand of digging (5)
Scrolls
 e - 17 scrolls of identify
 r - 14 scrolls of teleportation
Potions
 a - 5 potions of might
 b - 2 potions of resistance
 c - 5 potions of enlightenment
 d - 3 potions of cancellation
 g - 5 potions of haste
 j - 6 potions of mutation
 n - 3 potions of magic
 s - 11 potions of curing

Dungeon Overview and Level Annotations

Branches:
Dungeon (15/15)            Temple (1/1) D:4            Lair (5/5) D:11
 Shoals (4/4) Lair:3        Snake (3/4) Lair:3        Slime (0/5) Lair:5
    Orc (2/2) D:11            Elf (0/3) Orc:2        Vaults (2/5) D:14
 Depths (0/4) D:15        Gauntlet (visited)
  Crypt: Vaults:2-3

Altars:
Ashenzari
Cheibriados
Dithmenos
Elyvilon
Fedhas
Gozag
Hepliaklqana
Kikubaaqudgha
Makhleb
Nemelex Xobeh
Okawaru
Qazlal
Ru
Sif Muna
Trog
Uskayaw
Vehumet
Wu Jian
Xom
Yredelemnul
Zin
The Shining One

Shops:
D:2 (   D:8 ?   D:15 ?   Orc:2 *=([*   Shoals:2 !(   Shoals:3 (   Snake:1 *
Vaults:1 (

Portals:
Trove: Vaults:1 (give 8 potions of haste)

Annotations:
D:8 4 runed translucent doors, qwqw's ghost, novice DsFi
D:11 2 transporters
D:12 2 transporters, MackTheFife's ghost, journeyman OgFi
Vaults:2 Zenata


Message History

The +2 short sword of speed hits you but does no damage.
The +0 mace of holy wrath hits you but does no damage.
The +2 short sword of speed completely misses you.
The +0 mace of holy wrath misses you.
The +2 short sword of speed hits you but does no damage.
Zenata sends weapons flying into battle!
The +2 short sword of speed completely misses you.
The +0 mace of holy wrath hits you but does no damage.
Enter note:
29778 ||| Stepping ~*~*~tactically~*~*~ (retreating).
The +4 long sword of holy wrath disappears in a puff of smoke!
The +2 short sword of speed attacks as it pursues you!
The +2 short sword of speed hits you but does no damage. x3
The +0 mace of holy wrath hits you but does no damage.
The +2 short sword of speed hits you but does no damage.
The +0 heavy battleaxe hits you but does no damage.
The +2 short sword of speed hits you but does no damage.
The +0 mace of holy wrath hits you but does no damage.
The +3 trident of venom hits you from afar!
The +5 glaive of distortion hits you from afar!!
Space warps around you.
The +2 short sword of speed hits you but does no damage.
Zenata mutters, "I can hear her whispering... but she's dead.
She's dead!"
Zenata points at you and mumbles some strange words.
A blast of power from the earth and the adjacent constructs strikes you!
The +0 mace of holy wrath completely misses you.
There is an open door here.
Enter note:
Enter note:
29779 ||| READING 15 scrolls of teleportation.
As you read the scroll of teleportation, it crumbles to dust.
You feel strangely unstable.
The +2 short sword of speed completely misses you.
The +2 short sword of speed barely misses you.
The +3 trident of venom completely misses you.
The +2 short sword of speed hits you but does no damage.
The +0 mace of holy wrath hits you but does no damage.
The +0 heavy battleaxe misses you.
The +5 glaive of distortion hits you from afar!
You die...

#......#......#.........
#......(%.....'.....a...
#......#......#.........
###############...H.....
#.T....... #.........
##################%########
#...).....#(.¤........#
#..)###.<.@((a........#
#..#.###..#(..........#
#.#...#####((.........#
#.##...## #...........#
#.###...###...........#
#..###...############'#
#...###..# ... #...# ####
.. #####


You could see Zenata and 6 dancing weapons.

Vanquished Creatures
  Bai Suzhen (Shoals:3)
  Margery (Vaults:2)
  Vashnia (Snake:2)
  Nikola (Snake:1)
  Jorgrun (Orc:1)
  2 sphinxes
  A kraken (Shoals:1)
  Gastronok (D:10)
  Kirke (Shoals:1)
  Agnes (D:13)
  Ilsuiw (Shoals:3)
  Aizul (Snake:1)
  4 vault wardens (Vaults:1)
  An orc warlord (Orc:2)
  4 ironbound preservers
  A formless jellyfish (Vaults:1)
  3 ironbound thunderhulks (Vaults:1)
  A deep elf demonologist (Vaults:1)
  Nessos (Orc:2)
  A minotaur (Gauntlet)
  An ettin (D:14)
  3 merfolk javelineers
  A blizzard demon (Gauntlet)
  8 merfolk impalers
  2 fire dragons
  An entropy weaver (Vaults:1)
  A great orb of eyes (Vaults:1)
  5 vault guards (Vaults:1)
  4 hydras
  4 yaktaur captains (Vaults:1)
  Harold (D:10)
  2 boulder beetles (D:11)
  A catoblepas (D:14)
  4 anacondas
  2 ironbound frosthearts (Vaults:1)
  3 two-headed ogres
  Erica (D:10)
  11 centaur warriors
  2 merfolk avatars (Shoals:2)
  3 merfolk aquamancers
  3 death yaks (Lair:5)
  5 naga warriors
  A tengu warrior (D:13)
  3 satyrs
  5 shock serpents
  2 orc high priests (Orc:2)
  A hell knight (Vaults:2)
  Amaemon (D:10)
  Sonja (Orc:1)
  10 naga sharpshooters
  Nergalle (Orc:1)
  A shadow wraith (D:14)
  A skeletal warrior (D:13)
  5 skysharks
  13 deep trolls
  10 sea snakes
  A glowing orange brain (Vaults:1)
  3 naga ritualists
  A swamp dragon (Lair:5)
  5 lindwurms (Vaults:1)
  2 ironbound convokers (Vaults:1)
  4 wizards
  A phantasmal warrior (Vaults:1)
  4 orc knights
  A deep elf zephyrmancer (D:15)
  2 deep elf pyromancers
  24 harpies
  4 mana vipers
  A wolf spider zombie (D:15)
  4 necromancers
  An oklob plant (Gauntlet)
  11 cyclopes
  28 ugly things
  25 fauns
  2 wolf spiders (Lair:5)
  5 manticores
  6 salamanders
  10 orc sorcerers
  A guardian serpent (Lair:5)
  8 merfolk sirens
  30 black mambas
  4 vault sentinels (Vaults:1)
  3 gargoyles
  7 naga magi
  18 elephants
  4 water nymphs
  11 cane toads
  An orange demon (D:10)
  A centaur skeleton (D:15)
  A tengu conjurer (D:15)
  2 unseen horrors
  6 komodo dragons
  2 minotaur zombies (Gauntlet)
  A freezing wraith (D:14)
  5 rime drakes
  An efreet (D:13)
  12 yaktaurs (Vaults:1)
  An ice devil (Gauntlet)
  2 burning bushes (Lair:2)
  34 merfolk
  6 wind drakes
  A polar bear (Lair:2)
  6 trolls
  5 snapping turtles
  5 hornets
  11 blink frogs
  Prince Ribbit (D:5)
  5 dream sheep (Shoals:1)
  A culicivora (shapeshifter) (D:14)
  18 slime creatures
  A centaur simulacrum (D:15)
  3 wraiths
  5 shadows
  4 basilisks
  8 water elementals
  12 wyverns
  A basilisk (shapeshifter) (D:15)
  2 hogs (Shoals:1)
  A human (Shoals:1)
  39 yaks
  5 redbacks
  9 vampire mosquitoes
  Menkaure (D:6)
  3 steam dragons
  27 nagas
  2 wargs
  7 acid dragons
  25 water moccasins
  A swamp drake (Lair:5)
  2 black bears
  25 orc warriors
  2 sky beasts
  6 ogres
  6 centaurs
  Blork the orc (Orc:2)
  6 kobold brigands
  8 bullfrogs
  A gnoll sergeant (D:7)
  4 scorpions
  A hornet simulacrum (D:15)
  14 wights
  3 killer bees (D:4)
  17 electric eels
  4 hounds
  13 jellies
  2 gnoll boudas
  20 orc priests
  A sleepcap (D:4)
  7 iguanas
  27 orc wizards
  22 gnolls
  A river rat (D:3)
  6 adders
  A shadow imp (D:5)
  3 white imps
  3 worms
  3 dart slugs
  63 orcs
  11 endoplasms
  4 giant cockroaches
  5 goblins
  5 hobgoblins
  24 kobolds
  6 quokkas
  8 ball pythons
  5 bats
  2 frilled lizards
  3 rats
  2 tentacles (Shoals:1)
1014 creatures vanquished.

Vanquished Creatures (others)
  An anaconda (Snake:2)
  A naga mage (Snake:2)
  2 tentacles (Shoals:1)
4 creatures vanquished.

Grand Total: 1018 creatures vanquished

Notes
Turn   | Place    | Note
-------+----------+-------------------------------------------
     0 | D:1      | qw the Gargoyle Hunter began the quest for the Orb.
     0 | D:1      | Reached XP level 1. HP: 12/12 MP: 1/1
     0 | D:1      | 0 ||| qw: Version: 0.3-a-95-gd99a18f
     0 | D:1      | 0 ||| qw: Game counter: 52
     0 | D:1      | 0 ||| qw: Melee chars always use a shield: true
     0 | D:1      | 0 ||| qw: God list: Okawaru
     0 | D:1      | 0 ||| qw: Allow faded altars: false
     0 | D:1      | 0 ||| qw: Do Orc after clearing Dungeon:15 true
     0 | D:1      | 0 ||| qw: Do second Lair branch before Depths: true
     0 | D:1      | 0 ||| qw: Lair rune preference: random
     0 | D:1      | 0 ||| qw: Goals: Normal, Save, Zot:1-4, Win
     0 | D:1      | 0 ||| PLANNING D:1-11
     0 | D:1      | 0 ||| qw: Version: 0.3-a-95-gd99a18f
     0 | D:1      | 0 ||| qw: Game counter: 53
     0 | D:1      | 0 ||| qw: Melee chars always use a shield: true
     0 | D:1      | 0 ||| qw: God list: Okawaru
     0 | D:1      | 0 ||| qw: Allow faded altars: false
     0 | D:1      | 0 ||| qw: Do Orc after clearing Dungeon:15 true
     0 | D:1      | 0 ||| qw: Do second Lair branch before Depths: true
     0 | D:1      | 0 ||| qw: Lair rune preference: random
     0 | D:1      | 0 ||| qw: Goals: Normal, Save, Zot:1-4, Win
     0 | D:1      | 0 ||| PLANNING D:1-11
    82 | D:1      | Reached XP level 2. HP: 17/17 MP: 2/2
   259 | D:1      | Reached XP level 3. HP: 21/21 MP: 3/3
   279 | D:1      | Reached skill level 5 in Ranged Weapons
   281 | D:1      | You fall into a shaft and drop 1 floor!
   281 | D:2      | Found Likharch's Antique Weapon Boutique.
   305 | D:2      | 305 ||| UPGRADING to +5 ring of evasion.
   306 | D:2      | 306 ||| READING scroll labelled LAEHI BEGGOAT.
   307 | D:2      | 307 ||| READING scroll labelled VOLOR SAGATOHE.
   308 | D:2      | 308 ||| READING 2 scrolls labelled CINGURYQO.
   309 | D:2      | 309 ||| READING scroll of identify.
   309 | D:2      | 309 ||| IDENTIFYING puce potion
   310 | D:2      | 310 ||| DROPPING scroll of butterflies.
   311 | D:2      | 311 ||| DROPPING potion of lignification.
   656 | D:1      | 656 ||| READING scroll labelled MYUHAFU AG VUH.
   784 | D:2      | Reached skill level 3 in Fighting
  1051 | D:2      | Found a shadowy altar of Dithmenos.
  1297 | D:2      | 1297 ||| UPGRADING to +0 ring mail.
  1307 | D:2      | 1307 ||| DROPPING +0 leather armour.
  1308 | D:2      | 1308 ||| UPGRADING to amulet of regeneration.
  1313 | D:2      | 1313 ||| READING scroll labelled CYDAUWIASM.
  1314 | D:2      | 1314 ||| READING scroll labelled LOUXEU DEVVOUQ.
  1318 | D:2      | 1318 ||| DRINKING 2 smoky green potions.
  1355 | D:3      | 1355 ||| PLANNING SEWER
  1394 | D:3      | Reached skill level 1 in Armour
  1394 | D:3      | Reached XP level 4. HP: 26/28 MP: 4/4
  1608 | D:3      | Found a hazy altar of Hepliaklqana.
  1688 | D:3      | Reached XP level 5. HP: 32/32 MP: 5/5
  2101 | D:3      | 2101 ||| RIP SEWER
  2116 | D:3      | 2116 ||| PLANNING D:1-11
  2116 | D:3      | 2116 ||| UPGRADING to +0 robe of fire resistance.
  2126 | D:3      | 2126 ||| DROPPING ring of wizardry.
  2127 | D:3      | 2127 ||| READING scroll labelled WITHROGRE SESOO.
  2128 | D:3      | 2128 ||| READING scroll labelled MAD CUJOEROMMYL.
  2129 | D:3      | 2129 ||| DRINKING 2 metallic coppery potions.
  2130 | D:3      | 2130 ||| READING scroll of identify.
  2130 | D:3      | 2130 ||| IDENTIFYING metallic sapphire potion
  2144 | D:4      | Noticed an ogre
  2153 | D:4      | Killed an ogre
  2154 | D:4      | Reached skill level 6 in Ranged Weapons
  2389 | D:4      | Reached XP level 6. HP: 28/37 MP: 6/6
  2423 | D:4      | 2423 ||| RETREEAATING.
  2439 | D:4      | Reached skill level 7 in Ranged Weapons
  2440 | D:4      | 2440 ||| FLEEEEING.
  2466 | D:4      | Identified the staff of Harmony {rElec rPois rF- rC++ Int+2
                  | Air}
  2568 | D:4      | Found a staircase to the Ecumenical Temple.
  2569 | D:4      | 2569 ||| PLANNING TEMPLE
  2569 | D:4      | 2569 ||| READING 2 scrolls labelled HEINAA XETHREG.
  2570 | D:4      | 2570 ||| READING scroll of enchant weapon.
  2570 | D:4      | 2570 ||| ENCHANTING +1 shortbow of electrocution.
  2571 | D:4      | 2571 ||| READING scroll labelled ZIS BOID SELUARCHY.
  2681 | Temple   | Entered the Ecumenical Temple
  2682 | Temple   | 2682 ||| PLANNING OKAWARU WORSHIP
  2690 | Temple   | Became a worshipper of Warmaster Okawaru
  2691 | Temple   | 2691 ||| PLANNING D:1-11
  2783 | D:4      | Reached XP level 7. HP: 44/44 MP: 7/7
  2905 | D:4      | 2905 ||| DROPPING +0 ring mail.
  2906 | D:4      | 2906 ||| UPGRADING to +0 pair of boots.
  2911 | D:4      | 2911 ||| UPGRADING to +3 leather armour.
  2921 | D:4      | 2921 ||| READING scroll labelled VUMIJU UFRO.
  3003 | D:5      | Entered Level 5 of the Dungeon
  3100 | D:5      | Found a sparkling altar of Nemelex Xobeh.
  3133 | D:5      | Reached skill level 8 in Ranged Weapons
  3147 | D:5      | Reached * piety under Okawaru
  3172 | D:5      | Found a sacrificial altar of Ru.
  3255 | D:5      | Found an ornate altar of the Wu Jian Council.
  3278 | D:5      | Noticed Prince Ribbit
  3279 | D:5      | 3279 ||| INVOKING Heroism.
  3284 | D:5      | Killed Prince Ribbit
  3285 | D:5      | Reached XP level 8. HP: 49/49 MP: 5/9
  3338 | D:5      | Noticed a +0 hand axe
  3339 | D:5      | Noticed a +0 hand axe
  3344 | D:5      | Found a hide-covered altar of Uskayaw.
  3554 | D:5      | 3554 ||| READING 2 scrolls labelled HAMNOCKA AXTY.
  3555 | D:5      | 3555 ||| READING scroll of enchant armour.
  3555 | D:5      | 3555 ||| ENCHANTING +0 pair of boots.
  3556 | D:5      | 3556 ||| READING 2 scrolls labelled FIDOHA UFAROM.
  3557 | D:5      | 3557 ||| DROPPING scroll of vulnerability.
  3606 | D:6      | Reached skill level 3 in Invocations
  3680 | D:6      | 3680 ||| RETREEAATING.
  3696 | D:6      | Reached skill level 9 in Ranged Weapons
  3702 | D:6      | 3702 ||| FLEEEEING.
  3704 | D:6      | 3704 ||| FLEEEEING.
  3705 | D:6      | 3705 ||| FLEEEEING.
  3706 | D:6      | 3706 ||| FLEEEEING.
  3707 | D:6      | 3707 ||| FLEEEEING.
  3708 | D:6      | 3708 ||| FLEEEEING.
  3709 | D:6      | 3709 ||| FLEEEEING.
  3745 | D:6      | Noticed Menkaure
  3748 | D:6      | Killed Menkaure
  3749 | D:6      | Reached skill level 6 in Fighting
  3765 | D:6      | Reached ** piety under Okawaru
  3795 | D:6      | Reached XP level 9. HP: 52/55 MP: 12/12
  3847 | D:6      | 3847 ||| READING 3 scrolls labelled XASTRY LUUTSEL.
  3848 | D:6      | 3848 ||| READING scroll of identify.
  3848 | D:6      | 3848 ||| IDENTIFYING green potion
  3849 | D:6      | 3849 ||| DROPPING potion of ambrosia.
  3850 | D:6      | 3850 ||| DROPPING 2 scrolls of amnesia.
  3897 | D:6      | Reached skill level 10 in Ranged Weapons
  4081 | D:6      | Reached skill level 3 in Dodging
  4083 | D:6      | 4083 ||| DRINKING murky inky potion.
  4084 | D:6      | 4084 ||| DRINKING cyan potion.
  4338 | D:6      | 4338 ||| DROPPING amulet of magic regeneration.
  4339 | D:6      | 4339 ||| DROPPING ring of magical power.
  4388 | D:7      | 4388 ||| SWAPPING to +0 orcbow.
  4389 | D:7      | 4389 ||| DROPPING +2 shortbow of electrocution.
  4393 | D:7      | 4393 ||| READING scroll of enchant armour.
  4393 | D:7      | 4393 ||| ENCHANTING +1 pair of boots.
  4400 | D:7      | 4400 ||| READING scroll of enchant weapon.
  4400 | D:7      | 4400 ||| ENCHANTING +0 orcbow.
  4529 | D:7      | Reached *** piety under Okawaru
  4688 | D:7      | Found a broken altar of Ashenzari.
  4755 | D:7      | Noticed a gargoyle
  4756 | D:7      | 4756 ||| INVOKING Heroism.
  4765 | D:7      | Killed a gargoyle
  4766 | D:7      | Reached skill level 11 in Ranged Weapons
  4858 | D:7      | 4858 ||| FLEEEEING.
  4873 | D:7      | 4873 ||| FLEEEEING.
  4917 | D:7      | 4917 ||| FLEEEEING.
  5054 | D:7      | Reached XP level 10. HP: 64/64 MP: 13/13
  5207 | D:7      | 5207 ||| UPGRADING to +1 cloak.
  5230 | D:8      | Found Baceyff's Magic Scroll Shoppe.
  5233 | D:8      | 5233 ||| READING scroll of enchant weapon.
  5233 | D:8      | 5233 ||| ENCHANTING +1 orcbow.
  5242 | D:8      | 5242 ||| SHOPLISTING 2 scrolls of acquirement (1144 gold,
                  | have 439).
  5242 | D:8      | 5242 ||| BUYING scroll of enchant armour (82 gold).
  5242 | D:8      | Bought a scroll of enchant armour for 82 gold pieces
  5242 | D:8      | 5242 ||| BUYING scroll of enchant weapon (82 gold).
  5242 | D:8      | Bought a scroll of enchant weapon for 82 gold pieces
  5242 | D:8      | 5242 ||| BUYING scroll of identify (22 gold).
  5242 | D:8      | Bought a scroll of identify for 22 gold pieces
  5242 | D:8      | 5242 ||| BUYING scroll of identify (22 gold).
  5242 | D:8      | Bought a scroll of identify for 22 gold pieces
  5242 | D:8      | 5242 ||| BUYING scroll of identify (22 gold).
  5242 | D:8      | Bought a scroll of identify for 22 gold pieces
  5242 | D:8      | 5242 ||| BUYING scroll of identify (22 gold).
  5242 | D:8      | Bought a scroll of identify for 22 gold pieces
  5246 | D:8      | 5246 ||| READING scroll of enchant armour.
  5246 | D:8      | 5246 ||| ENCHANTING +1 cloak.
  5247 | D:8      | 5247 ||| READING scroll of enchant weapon.
  5247 | D:8      | 5247 ||| ENCHANTING +2 orcbow.
  5302 | D:8      | Reached **** piety under Okawaru
  5433 | D:8      | 5433 ||| Stepping ~*~*~tactically~*~*~ (retreating).
  5436 | D:8      | Reached skill level 12 in Ranged Weapons
  5486 | D:8      | 5486 ||| FLEEEEING.
  5492 | D:8      | 5492 ||| FLEEEEING.
  5498 | D:8      | Reached ***** piety under Okawaru
  5583 | D:8      | Reached skill level 6 in Invocations
  5604 | D:8      | Found a runed translucent door.
  5604 | D:8      | Noticed a sixfirhy
  5676 | D:8      | Noticed qwqw's ghost (novice DsFi)
  5676 | D:8      | Noticed a nine-headed hydra
  5677 | D:8      | Found a runed translucent gate.
  5677 | D:8      | Found a runed translucent gate.
  5677 | D:8      | Found a runed translucent gate.
  5697 | D:8      | 5697 ||| READING 2 scrolls of brand weapon.
  5697 | D:8      | 5697 ||| BRANDING +3 orcbow.
  5698 | D:8      | 5698 ||| READING scroll of brand weapon.
  5698 | D:8      | 5698 ||| BRANDING +3 orcbow of freezing.
  5713 | D:8      | Found a glowing silver altar of Zin.
  6034 | D:8      | 6034 ||| UPGRADING to +0 pair of gloves.
  6039 | D:8      | 6039 ||| DROPPING amulet of guardian spirit.
  6040 | D:8      | 6040 ||| READING 4 scrolls of identify.
  6040 | D:8      | 6040 ||| IDENTIFYING bubbling silvery potion
  6041 | D:8      | 6041 ||| READING 3 scrolls of identify.
  6041 | D:8      | 6041 ||| IDENTIFYING orange potion
  6042 | D:8      | 6042 ||| READING 2 scrolls of identify.
  6042 | D:8      | 6042 ||| IDENTIFYING fizzy dark potion
  6043 | D:8      | 6043 ||| READING scroll of identify.
  6043 | D:8      | 6043 ||| IDENTIFYING fuming dark potion
  6044 | D:8      | 6044 ||| DROPPING potion of invisibility.
  6067 | D:9      | 6067 ||| FLEEEEING.
  6068 | D:9      | 6068 ||| FLEEEEING.
  6069 | D:9      | 6069 ||| STAIRDANCE
  6180 | D:9      | Reached skill level 3 in Armour
  6180 | D:9      | Noticed a cyclops
  6181 | D:9      | 6181 ||| INVOKING Finesse.
  6182 | D:9      | 6182 ||| INVOKING Finesse.
  6192 | D:9      | Killed a cyclops
  6328 | D:9      | Reached XP level 11. HP: 64/68 MP: 16/16
  6391 | D:9      | 6391 ||| RETREEAATING.
  6393 | D:9      | 6393 ||| RETREEAATING.
  6395 | D:9      | 6395 ||| RETREEAATING.
  6401 | D:9      | 6401 ||| Stepping ~*~*~tactically~*~*~ (retreating).
  6402 | D:9      | 6402 ||| Stepping ~*~*~tactically~*~*~ (retreating).
  6403 | D:9      | 6403 ||| Stepping ~*~*~tactically~*~*~ (retreating).
  6404 | D:9      | 6404 ||| Stepping ~*~*~tactically~*~*~ (retreating).
  6408 | D:9      | 6408 ||| Stepping ~*~*~tactically~*~*~ (retreating).
  6466 | D:9      | Received a gift from Okawaru
  6621 | D:9      | Found a glowing golden altar of the Shining One.
  6693 | D:9      | Found a burning altar of Makhleb.
  6695 | D:9      | Noticed a green death
  6872 | D:10     | Entered Level 10 of the Dungeon
  6891 | D:10     | Noticed a two-headed ogre
  6892 | D:10     | 6892 ||| FLEEEEING.
  6893 | D:10     | 6893 ||| FLEEEEING.
  6898 | D:10     | 6898 ||| STAIRDANCE
  7007 | D:10     | 7007 ||| INVOKING Finesse.
  7014 | D:10     | Killed a two-headed ogre
  7015 | D:10     | Reached skill level 13 in Ranged Weapons
  7155 | D:10     | Noticed Erica
  7156 | D:10     | 7156 ||| RETREEAATING.
  7157 | D:10     | 7157 ||| STILL RETREEAATING.
  7158 | D:10     | 7158 ||| STILL RETREEAATING.
  7159 | D:10     | 7159 ||| STILL RETREEAATING.
  7160 | D:10     | 7160 ||| STILL RETREEAATING.
  7162 | D:10     | 7162 ||| RETREEAATING.
  7164 | D:10     | 7164 ||| INVOKING Finesse.
  7168 | D:10     | Reached skill level 9 in Invocations
  7176 | D:10     | Killed Erica
  7176 | D:10     | Received a gift from Okawaru
  7200 | D:10     | Reached skill level 9 in Fighting
  7252 | D:10     | Found a basalt altar of Yredelemnul.
  7287 | D:10     | Noticed Amaemon
  7288 | D:10     | 7288 ||| INVOKING Finesse.
  7291 | D:10     | 7291 ||| RETREEAATING.
  7297 | D:10     | Killed Amaemon
  7472 | D:10     | Noticed Harold
  7473 | D:10     | 7473 ||| INVOKING Finesse.
  7478 | D:10     | Killed Harold
  7506 | D:10     | Reached skill level 14 in Ranged Weapons
  7506 | D:10     | Reached XP level 12. HP: 76/76 MP: 17/19
  7641 | D:10     | Noticed Gastronok
  7642 | D:10     | 7642 ||| INVOKING Finesse.
  7643 | D:10     | 7643 ||| RETREEAATING.
  7644 | D:10     | 7644 ||| STILL RETREEAATING.
  7645 | D:10     | 7645 ||| STILL RETREEAATING.
  7646 | D:10     | 7646 ||| STILL RETREEAATING.
  7647 | D:10     | 7647 ||| STILL RETREEAATING.
  7648 | D:10     | 7648 ||| Stepping ~*~*~tactically~*~*~ (retreating).
  7649 | D:10     | 7649 ||| Stepping ~*~*~tactically~*~*~ (retreating).
  7650 | D:10     | 7650 ||| Stepping ~*~*~tactically~*~*~ (retreating).
  7651 | D:10     | 7651 ||| Stepping ~*~*~tactically~*~*~ (retreating).
  7666 | D:10     | Killed Gastronok
  7868 | D:10     | Found a shimmering blue altar of Sif Muna.
  7921 | D:10     | 7921 ||| UPGRADING to +0 troll leather armour.
  7931 | D:10     | 7931 ||| DROPPING +3 leather armour.
  7932 | D:10     | 7932 ||| UPGRADING to +1 hat.
  7997 | D:11     | Noticed a boulder beetle
  7998 | D:11     | 7998 ||| INVOKING Finesse.
  8015 | D:11     | Killed a boulder beetle
  8035 | D:11     | Identified the +4 ring mail "Vamapno" {rElec Int+3 Slay+3}
  8076 | D:11     | Noticed a fire dragon
  8178 | D:11     | 8178 ||| Stepping ~*~*~tactically~*~*~ (retreating).
  8180 | D:11     | 8180 ||| Stepping ~*~*~tactically~*~*~ (retreating).
  8184 | D:11     | 8184 ||| Stepping ~*~*~tactically~*~*~ (retreating).
  8349 | D:11     | Found a staircase to the Orcish Mines.
  8423 | D:11     | Reached skill level 15 in Ranged Weapons
  8659 | D:11     | Noticed a boulder beetle
  8679 | D:11     | Found a staircase to the Lair.
  8797 | D:11     | Found a transporter.
  8797 | D:11     | Found a transporter.
  8839 | D:11     | Noticed a boulder beetle
  8840 | D:11     | 8840 ||| INVOKING Finesse.
  8846 | D:11     | Killed a boulder beetle
  8961 | D:11     | 8961 ||| PLANNING LAIR
  8961 | D:11     | 8961 ||| DROPPING +0 robe of fire resistance.
  8962 | D:11     | 8962 ||| UPGRADING to +4 ring mail "Vamapno" {rElec Int+3
                  | Slay+3}.
  8972 | D:11     | 8972 ||| DROPPING +0 troll leather armour.
  9023 | Lair:1   | Entered Level 1 of the Lair of Beasts
  9203 | Lair:1   | Received a gift from Okawaru
  9716 | Lair:1   | 9716 ||| READING 4 scrolls of identify.
  9716 | Lair:1   | 9716 ||| IDENTIFYING viscous sapphire potion
  9717 | Lair:1   | 9717 ||| DROPPING potion of attraction.
  9752 | Lair:2   | Noticed a five-headed hydra
  9753 | Lair:2   | 9753 ||| INVOKING Finesse.
  9754 | Lair:2   | 9754 ||| STAIRDANCE
  9786 | Lair:2   | 9786 ||| INVOKING Finesse.
  9790 | Lair:2   | Killed a five-headed hydra
  9794 | Lair:2   | 9794 ||| STAIRDANCE
  9826 | Lair:2   | Reached skill level 6 in Armour
 10261 | Lair:2   | 10261 ||| RETREEAATING.
 10427 | Lair:2   | 10427 ||| RETREEAATING.
 10429 | Lair:2   | 10429 ||| STILL RETREEAATING.
 10430 | Lair:2   | 10430 ||| STILL RETREEAATING.
 10431 | Lair:2   | 10431 ||| STILL RETREEAATING.
 10432 | Lair:2   | 10432 ||| STILL RETREEAATING.
 10435 | Lair:2   | Reached XP level 13. HP: 82/82 MP: 20/20
 10448 | Lair:2   | 10448 ||| READING scroll of enchant armour.
 10448 | Lair:2   | 10448 ||| ENCHANTING +0 pair of gloves.
 10510 | Lair:2   | 10510 ||| INVOKING Finesse.
 10621 | Lair:2   | 10621 ||| DROPPING +2 cloak.
 10655 | Lair:3   | 10655 ||| STAIRDANCE
 10661 | Lair:3   | 10661 ||| STAIRDANCE
 10666 | Lair:2   | Reached skill level 16 in Ranged Weapons
 10743 | Lair:3   | Found a staircase to the Shoals.
 10779 | Lair:3   | 10779 ||| READING scroll of enchant weapon.
 10779 | Lair:3   | 10779 ||| ENCHANTING +3 heavy orcbow.
 10818 | Lair:3   | Found a staircase to the Snake Pit.
 10896 | Lair:3   | 10896 ||| RETREEAATING.
 10900 | Lair:3   | 10900 ||| STILL RETREEAATING.
 10901 | Lair:3   | 10901 ||| STILL RETREEAATING.
 10904 | Lair:3   | 10904 ||| Stepping ~*~*~tactically~*~*~ (retreating).
 11179 | Lair:3   | Found a dark tunnel.
 11326 | Lair:3   | 11326 ||| DROPPING scarf of harm.
 11327 | Lair:3   | 11327 ||| READING scroll labelled HYESIC KO KUBBIN.
 11357 | Lair:4   | 11357 ||| PLANNING GAUNTLET
 11377 | Lair:4   | Received a gift from Okawaru
 11418 | Lair:4   | Found a gate leading to a gauntlet.
 11430 | Gauntlet | Entered a Gauntlet
 11430 | Gauntlet | Found a transporter.
 11430 | Gauntlet | Found a transporter.
 11430 | Gauntlet | Found a transporter.
 11434 | Gauntlet | Found a transporter.
 11435 | Gauntlet | Found a transporter.
 11446 | Gauntlet | Found a transporter.
 11448 | Gauntlet | Found a transporter.
 11458 | Gauntlet | Found a transporter.
 11459 | Gauntlet | Noticed a blizzard demon
 11548 | Gauntlet | Found a transporter.
 11548 | Gauntlet | Found the ring of the Hare {EV+10}
 11562 | Gauntlet | Found a transporter.
 11562 | Gauntlet | Found a transporter.
 11572 | Gauntlet | Found a transporter.
 11618 | Gauntlet | 11618 ||| Stepping randomly (stuck).
 11619 | Gauntlet | 11619 ||| Stepping randomly (stuck).
 11620 | Gauntlet | 11620 ||| Stepping randomly (stuck).
 11621 | Gauntlet | 11621 ||| Stepping randomly (stuck).
 11622 | Gauntlet | 11622 ||| Stepping randomly (stuck).
 11623 | Gauntlet | 11623 ||| Stepping randomly (stuck).
 11631 | Gauntlet | 11631 ||| Stepping randomly (stuck).
 11675 | Gauntlet | 11675 ||| UPGRADING to ring of the Hare {EV+10}.
 11682 | Gauntlet | 11682 ||| Stepping ~*~*~tactically~*~*~ (retreating).
 11685 | Gauntlet | 11685 ||| Stepping ~*~*~tactically~*~*~ (retreating).
 11690 | Gauntlet | HP: 20/84 [something (18)]
 11691 | Gauntlet | 11691 ||| DRINKING 2 potions of heal wounds.
 11751 | Gauntlet | Identified the ring "Keanarcho" {rN+ Will- Str+5 Int+3
                  | Slay+2}
 11753 | Gauntlet | 11753 ||| DROPPING ring "Keanarcho" {rN+ Will- Str+5 Int+3
                  | Slay+2}.
 11754 | Gauntlet | 11754 ||| READING scroll labelled IMACWOPRAVVE.
 11763 | Gauntlet | 11763 ||| INVOKING Finesse.
 11764 | Gauntlet | 11764 ||| Stepping ~*~*~tactically~*~*~ (retreating).
 11765 | Gauntlet | 11765 ||| Stepping ~*~*~tactically~*~*~ (retreating).
 11768 | Gauntlet | 11768 ||| Stepping ~*~*~tactically~*~*~ (retreating).
 11774 | Gauntlet | Killed a blizzard demon
 11781 | Gauntlet | Reached skill level 12 in Fighting
 11803 | Gauntlet | Identified the +4 giant club of Indomitability {drain,
                  | +Blink rC+ Int+4 Stlth-}
 11809 | Gauntlet | 11809 ||| DROPPING +0 pair of gloves of strength.
 11824 | Gauntlet | Noticed a minotaur
 11825 | Gauntlet | 11825 ||| INVOKING Finesse.
 11839 | Gauntlet | Killed a minotaur
 11865 | Gauntlet | Identified the ring of Maro Ank {Wiz rF- Will+ Int+2}
 11889 | Gauntlet | 11889 ||| UPGRADING to amulet of faith.
 11899 | Gauntlet | 11899 ||| DROPPING ring of Maro Ank {Wiz rF- Will+ Int+2}.
 11900 | Gauntlet | 11900 ||| DROPPING ring of ice.
 11907 | Lair:4   | 11907 ||| PLANNING LAIR
 12264 | Lair:4   | 12264 ||| READING scroll of enchant weapon.
 12264 | Lair:4   | 12264 ||| ENCHANTING +4 heavy orcbow.
 12521 | Lair:4   | 12521 ||| UPGRADING to scarf of repulsion.
 12531 | Lair:4   | 12531 ||| DROPPING scarf of harm.
 12532 | Lair:4   | 12532 ||| UPGRADING to +0 helmet.
 12542 | Lair:4   | 12542 ||| DROPPING +1 hat.
 12565 | Lair:5   | Entered Level 5 of the Lair of Beasts
 12585 | Lair:5   | 12585 ||| RETREEAATING.
 12588 | Lair:5   | 12588 ||| STILL RETREEAATING.
 12592 | Lair:5   | Reached skill level 6 in Dodging
 12593 | Lair:5   | 12593 ||| Stepping ~*~*~tactically~*~*~ (retreating).
 12594 | Lair:5   | 12594 ||| Stepping ~*~*~tactically~*~*~ (retreating).
 12597 | Lair:5   | 12597 ||| Stepping ~*~*~tactically~*~*~ (retreating).
 12598 | Lair:5   | 12598 ||| INVOKING Finesse.
 12613 | Lair:5   | Received a gift from Okawaru
 12718 | Lair:5   | 12718 ||| RETREEAATING.
 12721 | Lair:5   | 12721 ||| Stepping ~*~*~tactically~*~*~ (retreating).
 12722 | Lair:5   | 12722 ||| Stepping ~*~*~tactically~*~*~ (retreating).
 12723 | Lair:5   | 12723 ||| Stepping ~*~*~tactically~*~*~ (retreating).
 12734 | Lair:5   | 12734 ||| FLEEEEING.
 12735 | Lair:5   | 12735 ||| FLEEEEING.
 12736 | Lair:5   | 12736 ||| FLEEEEING.
 12737 | Lair:5   | 12737 ||| FLEEEEING.
 12738 | Lair:5   | 12738 ||| FLEEEEING.
 12739 | Lair:5   | 12739 ||| FLEEEEING.
 12740 | Lair:5   | 12740 ||| FLEEEEING.
 12741 | Lair:5   | 12741 ||| FLEEEEING.
 12742 | Lair:5   | 12742 ||| FLEEEEING.
 12743 | Lair:5   | 12743 ||| FLEEEEING.
 12744 | Lair:5   | 12744 ||| FLEEEEING.
 12745 | Lair:5   | 12745 ||| FLEEEEING.
 12746 | Lair:5   | 12746 ||| FLEEEEING.
 12747 | Lair:5   | 12747 ||| FLEEEEING.
 12748 | Lair:5   | 12748 ||| FLEEEEING.
 12749 | Lair:5   | 12749 ||| FLEEEEING.
 12750 | Lair:5   | 12750 ||| FLEEEEING.
 12751 | Lair:5   | 12751 ||| FLEEEEING.
 12752 | Lair:5   | 12752 ||| FLEEEEING.
 12753 | Lair:5   | 12753 ||| FLEEEEING.
 12755 | Lair:5   | 12755 ||| FLEEEEING.
 12756 | Lair:5   | 12756 ||| STAIRDANCE
 12782 | Lair:5   | 12782 ||| STAIRDANCE
 12803 | Lair:5   | 12803 ||| Stepping ~*~*~tactically~*~*~ (retreating).
 12804 | Lair:5   | 12804 ||| Stepping ~*~*~tactically~*~*~ (retreating).
 12805 | Lair:5   | 12805 ||| Stepping ~*~*~tactically~*~*~ (retreating).
 12806 | Lair:5   | 12806 ||| Stepping ~*~*~tactically~*~*~ (retreating).
 12807 | Lair:5   | 12807 ||| Stepping ~*~*~tactically~*~*~ (retreating).
 12808 | Lair:5   | 12808 ||| Stepping ~*~*~tactically~*~*~ (retreating).
 12812 | Lair:5   | Reached ****** piety under Okawaru
 12815 | Lair:5   | 12815 ||| Stepping ~*~*~tactically~*~*~ (retreating).
 12822 | Lair:5   | Gained mutation: Your large and strong wings let you fly.
                  | [Gargoyle growth]
 12822 | Lair:5   | Reached XP level 14. HP: 94/94 MP: 21/21
 12826 | Lair:5   | 12826 ||| INVOKING Receive Weapon.
 12826 | Lair:5   | 12826 ||| 12826 ||| Offered +0 triple crossbow of flaming
                  | with value 3584.0909090909
 12826 | Lair:5   | 12826 ||| 12826 ||| Offered +4 triple crossbow of flaming
                  | with value 3704.0909090909
 12826 | Lair:5   | 12826 ||| 12826 ||| Offered +2 triple sword of holy wrath
                  | with value -1
 12826 | Lair:5   | 12826 ||| 12826 ||| Offered +0 orcbow of electrocution with
                  | value 2725
 12826 | Lair:5   | 12826 ||| ACQUIRING +4 triple crossbow of flaming
 12826 | Lair:5   | Acquired a +4 triple crossbow of flaming
 12826 | Lair:5   | Received a gift from Okawaru
 12827 | Lair:5   | 12827 ||| INVOKING Receive Armour.
 12827 | Lair:5   | 12827 ||| 12827 ||| Offered +0 hat "Axepleth" {Str+5
                  | Stlth+} with value difference -12.5
 12827 | Lair:5   | 12827 ||| 12827 ||| Offered +0 fire dragon scales
                  | "Ylesydoral" {rF++ rC- Will+ Dex+3} with value difference
                  | nil
 12827 | Lair:5   | 12827 ||| 12827 ||| Offered +0 plate armour of Pandemonium
                  | {+Inv rF- rC++ rN+} with value difference nil
 12827 | Lair:5   | 12827 ||| 12827 ||| Offered +2 cloak "Wyfeitev" {*Slow
                  | rPois rF++} with value difference 62.5
 12827 | Lair:5   | 12827 ||| ACQUIRING +2 cloak "Wyfeitev" {*Slow rPois rF++}
 12827 | Lair:5   | Acquired the +2 cloak "Wyfeitev" {*Slow rPois rF++}
 12827 | Lair:5   | Received a gift from Okawaru
 12829 | Lair:5   | 12829 ||| SWAPPING to +4 triple crossbow of flaming.
 12830 | Lair:5   | 12830 ||| DROPPING +5 heavy orcbow.
 12850 | Lair:5   | 12850 ||| RETREEAATING.
 12851 | Lair:5   | 12851 ||| STILL RETREEAATING.
 12852 | Lair:5   | 12852 ||| STILL RETREEAATING.
 12853 | Lair:5   | 12853 ||| STILL RETREEAATING.
 12854 | Lair:5   | 12854 ||| STILL RETREEAATING.
 12855 | Lair:5   | 12855 ||| STILL RETREEAATING.
 12857 | Lair:5   | 12857 ||| STILL RETREEAATING.
 12858 | Lair:5   | 12858 ||| STILL RETREEAATING.
 12859 | Lair:5   | 12859 ||| STILL RETREEAATING.
 12860 | Lair:5   | 12860 ||| STILL RETREEAATING.
 12861 | Lair:5   | 12861 ||| STILL RETREEAATING.
 12862 | Lair:5   | 12862 ||| STILL RETREEAATING.
 12863 | Lair:5   | 12863 ||| STILL RETREEAATING.
 12864 | Lair:5   | 12864 ||| STILL RETREEAATING.
 12865 | Lair:5   | 12865 ||| STILL RETREEAATING.
 12870 | Lair:5   | Received a gift from Okawaru
 12872 | Lair:5   | 12872 ||| Stepping ~*~*~tactically~*~*~ (retreating).
 12873 | Lair:5   | 12873 ||| Stepping ~*~*~tactically~*~*~ (retreating).
 12874 | Lair:5   | 12874 ||| Stepping ~*~*~tactically~*~*~ (retreating).
 13041 | Lair:5   | 13041 ||| Stepping ~*~*~tactically~*~*~ (retreating).
 13042 | Lair:5   | 13042 ||| Stepping ~*~*~tactically~*~*~ (retreating).
 13043 | Lair:5   | 13043 ||| Stepping ~*~*~tactically~*~*~ (retreating).
 13044 | Lair:5   | 13044 ||| Stepping ~*~*~tactically~*~*~ (retreating).
 13045 | Lair:5   | 13045 ||| Stepping ~*~*~tactically~*~*~ (retreating).
 13046 | Lair:5   | 13046 ||| Stepping ~*~*~tactically~*~*~ (retreating).
 13047 | Lair:5   | 13047 ||| Stepping ~*~*~tactically~*~*~ (retreating).
 13048 | Lair:5   | 13048 ||| Stepping ~*~*~tactically~*~*~ (retreating).
 13049 | Lair:5   | 13049 ||| RETREEAATING.
 13050 | Lair:5   | 13050 ||| Stepping ~*~*~tactically~*~*~ (retreating).
 13051 | Lair:5   | 13051 ||| Stepping ~*~*~tactically~*~*~ (retreating).
 13052 | Lair:5   | 13052 ||| STILL RETREEAATING.
 13053 | Lair:5   | 13053 ||| Stepping ~*~*~tactically~*~*~ (retreating).
 13056 | Lair:5   | 13056 ||| INVOKING Finesse.
 13057 | Lair:5   | 13057 ||| INVOKING Finesse.
 13071 | Lair:5   | 13071 ||| INVOKING Heroism.
 13081 | Lair:5   | Received a gift from Okawaru
 13088 | Lair:5   | Reached skill level 17 in Ranged Weapons
 13088 | Lair:5   | 13088 ||| Stepping ~*~*~tactically~*~*~ (retreating).
 13089 | Lair:5   | 13089 ||| Stepping ~*~*~tactically~*~*~ (retreating).
 13090 | Lair:5   | 13090 ||| Stepping ~*~*~tactically~*~*~ (retreating).
 13091 | Lair:5   | 13091 ||| Stepping ~*~*~tactically~*~*~ (retreating).
 13092 | Lair:5   | 13092 ||| Stepping ~*~*~tactically~*~*~ (retreating).
 13093 | Lair:5   | 13093 ||| Stepping ~*~*~tactically~*~*~ (retreating).
 13094 | Lair:5   | 13094 ||| Stepping ~*~*~tactically~*~*~ (retreating).
 13106 | Lair:5   | HP: 18/94 [acid (7)]
 13107 | Lair:5   | 13107 ||| READING 3 scrolls of teleportation.
 13108 | Lair:5   | 13108 ||| DRINKING potion of heal wounds.
 13146 | Lair:5   | 13146 ||| FLEEEEING.
 13197 | Lair:5   | 13197 ||| FLEEEEING.
 13200 | Lair:5   | 13200 ||| STAIRDANCE
 13277 | Lair:4   | 13277 ||| UPGRADING to +2 cloak "Wyfeitev" {*Slow rPois
                  | rF++}.
 13287 | Lair:4   | 13287 ||| DROPPING scarf of repulsion.
 13340 | Lair:5   | 13340 ||| RETREEAATING.
 13341 | Lair:5   | 13341 ||| STILL RETREEAATING.
 13343 | Lair:5   | 13343 ||| STILL RETREEAATING.
 13345 | Lair:5   | 13345 ||| STILL RETREEAATING.
 13347 | Lair:5   | 13347 ||| STILL RETREEAATING.
 13348 | Lair:5   | 13348 ||| STILL RETREEAATING.
 13349 | Lair:5   | 13349 ||| STILL RETREEAATING.
 13350 | Lair:5   | 13350 ||| STILL RETREEAATING.
 13351 | Lair:5   | 13351 ||| STILL RETREEAATING.
 13352 | Lair:5   | 13352 ||| STILL RETREEAATING.
 13353 | Lair:5   | 13353 ||| STILL RETREEAATING.
 13355 | Lair:5   | 13355 ||| Stepping ~*~*~tactically~*~*~ (retreating).
 13356 | Lair:5   | 13356 ||| Stepping ~*~*~tactically~*~*~ (retreating).
 13357 | Lair:5   | 13357 ||| STILL RETREEAATING.
 13358 | Lair:5   | 13358 ||| Stepping ~*~*~tactically~*~*~ (retreating).
 13379 | Lair:5   | 13379 ||| FLEEEEING.
 13380 | Lair:5   | 13380 ||| FLEEEEING.
 13381 | Lair:5   | 13381 ||| FLEEEEING.
 13382 | Lair:5   | 13382 ||| FLEEEEING.
 13383 | Lair:5   | 13383 ||| FLEEEEING.
 13384 | Lair:5   | 13384 ||| FLEEEEING.
 13385 | Lair:5   | 13385 ||| FLEEEEING.
 13386 | Lair:5   | 13386 ||| FLEEEEING.
 13387 | Lair:5   | 13387 ||| FLEEEEING.
 13388 | Lair:5   | 13388 ||| FLEEEEING.
 13389 | Lair:5   | 13389 ||| FLEEEEING.
 13390 | Lair:5   | 13390 ||| FLEEEEING.
 13391 | Lair:5   | 13391 ||| FLEEEEING.
 13392 | Lair:5   | 13392 ||| FLEEEEING.
 13393 | Lair:5   | 13393 ||| FLEEEEING.
 13448 | Lair:5   | Found a staircase to the Slime Pits.
 13604 | Lair:5   | Found the ring of the Tortoise {AC+8}
 13608 | Lair:5   | 13608 ||| RETREEAATING.
 13609 | Lair:5   | 13609 ||| STILL RETREEAATING.
 13610 | Lair:5   | 13610 ||| STILL RETREEAATING.
 13612 | Lair:5   | 13612 ||| Stepping ~*~*~tactically~*~*~ (retreating).
 13613 | Lair:5   | Received a gift from Okawaru
 13617 | Lair:5   | 13617 ||| Stepping ~*~*~tactically~*~*~ (retreating).
 13619 | Lair:5   | 13619 ||| Stepping ~*~*~tactically~*~*~ (retreating).
 13620 | Lair:5   | 13620 ||| Stepping ~*~*~tactically~*~*~ (retreating).
 13621 | Lair:5   | 13621 ||| Stepping ~*~*~tactically~*~*~ (retreating).
 13622 | Lair:5   | 13622 ||| STILL RETREEAATING.
 13623 | Lair:5   | 13623 ||| Stepping ~*~*~tactically~*~*~ (retreating).
 13624 | Lair:5   | 13624 ||| Stepping ~*~*~tactically~*~*~ (retreating).
 13714 | Lair:5   | Reached skill level 18 in Ranged Weapons
 13945 | Lair:5   | Received a gift from Okawaru
 14268 | Lair:5   | 14268 ||| PLANNING D
 14268 | Lair:5   | 14268 ||| UPGRADING to ring of the Tortoise {AC+8}.
 14270 | Lair:5   | 14270 ||| DROPPING +5 ring of evasion.
 14271 | Lair:5   | 14271 ||| READING 8 scrolls of identify.
 14271 | Lair:5   | 14271 ||| IDENTIFYING bubbling cyan potion
 14462 | D:12     | Found a transporter.
 14470 | D:12     | Found a transporter.
 14474 | D:12     | Noticed MackTheFife's ghost (journeyman OgFi)
 15111 | D:13     | 15111 ||| FLEEEEING.
 15114 | D:13     | 15114 ||| FLEEEEING.
 15115 | D:13     | 15115 ||| FLEEEEING.
 15116 | D:13     | 15116 ||| FLEEEEING.
 15117 | D:13     | 15117 ||| FLEEEEING.
 15121 | D:13     | 15121 ||| FLEEEEING.
 15122 | D:13     | 15122 ||| FLEEEEING.
 15123 | D:13     | 15123 ||| FLEEEEING.
 15124 | D:13     | 15124 ||| FLEEEEING.
 15125 | D:13     | 15125 ||| FLEEEEING.
 15126 | D:13     | 15126 ||| FLEEEEING.
 15127 | D:13     | 15127 ||| FLEEEEING.
 15130 | D:13     | 15130 ||| FLEEEEING.
 15131 | D:13     | 15131 ||| FLEEEEING.
 15133 | D:13     | 15133 ||| FLEEEEING.
 15134 | D:13     | 15134 ||| FLEEEEING.
 15135 | D:13     | 15135 ||| FLEEEEING.
 15138 | D:13     | 15138 ||| RETREEAATING.
 15139 | D:13     | 15139 ||| STILL RETREEAATING.
 15140 | D:13     | 15140 ||| STILL RETREEAATING.
 15141 | D:13     | 15141 ||| STILL RETREEAATING.
 15180 | D:13     | Received a gift from Okawaru
 15215 | D:13     | 15215 ||| INVOKING Finesse.
 15220 | D:13     | 15220 ||| READING 6 scrolls of teleportation.
 15275 | D:13     | 15275 ||| RETREEAATING.
 15276 | D:13     | 15276 ||| STILL RETREEAATING.
 15277 | D:13     | 15277 ||| STILL RETREEAATING.
 15278 | D:13     | 15278 ||| READING 5 scrolls of teleportation.
 15355 | D:13     | Reached XP level 15. HP: 99/99 MP: 22/22
 15469 | D:13     | Reached skill level 19 in Ranged Weapons
 15475 | D:13     | 15475 ||| READING 4 scrolls of teleportation.
 15648 | D:13     | 15648 ||| Stepping ~*~*~tactically~*~*~ (retreating).
 15651 | D:13     | 15651 ||| RETREEAATING.
 15836 | D:13     | 15836 ||| DROPPING +2 pair of boots.
 15837 | D:13     | 15837 ||| DROPPING +1 pair of boots.
 15838 | D:13     | 15838 ||| DROPPING amulet of the acrobat.
 15844 | D:14     | 15844 ||| STAIRDANCE
 15856 | D:14     | Noticed Agnes
 15857 | D:14     | 15857 ||| STAIRDANCE
 15859 | D:13     | 15859 ||| Stepping ~*~*~tactically~*~*~ (retreating).
 15860 | D:13     | 15860 ||| Stepping ~*~*~tactically~*~*~ (retreating).
 15861 | D:13     | 15861 ||| Stepping ~*~*~tactically~*~*~ (retreating).
 15862 | D:13     | 15862 ||| Stepping ~*~*~tactically~*~*~ (retreating).
 15863 | D:13     | 15863 ||| RETREEAATING.
 15864 | D:13     | 15864 ||| STILL RETREEAATING.
 15866 | D:13     | 15866 ||| Stepping ~*~*~tactically~*~*~ (retreating).
 15973 | D:14     | 15973 ||| STAIRDANCE
 15975 | D:13     | 15975 ||| Stepping ~*~*~tactically~*~*~ (retreating).
 15976 | D:13     | 15976 ||| Stepping ~*~*~tactically~*~*~ (retreating).
 15977 | D:13     | 15977 ||| Stepping ~*~*~tactically~*~*~ (retreating).
 15978 | D:13     | 15978 ||| Stepping ~*~*~tactically~*~*~ (retreating).
 15979 | D:13     | 15979 ||| Stepping ~*~*~tactically~*~*~ (retreating).
 15980 | D:13     | 15980 ||| INVOKING Finesse.
 15988 | D:13     | Killed Agnes
 16195 | D:14     | Reached skill level 9 in Armour
 16221 | D:14     | 16221 ||| Stepping ~*~*~tactically~*~*~ (retreating).
 16225 | D:14     | 16225 ||| RETREEAATING.
 16228 | D:14     | 16228 ||| Stepping ~*~*~tactically~*~*~ (retreating).
 16233 | D:14     | 16233 ||| Stepping ~*~*~tactically~*~*~ (retreating).
 16236 | D:14     | 16236 ||| Stepping ~*~*~tactically~*~*~ (retreating).
 16237 | D:14     | 16237 ||| Stepping ~*~*~tactically~*~*~ (retreating).
 16238 | D:14     | 16238 ||| Stepping ~*~*~tactically~*~*~ (retreating).
 16240 | D:14     | 16240 ||| Stepping ~*~*~tactically~*~*~ (retreating).
 16242 | D:14     | Received a gift from Okawaru
 16290 | D:14     | Identified the +2 war axe "Beastbane" {freeze, Dex+6}
 16662 | D:14     | Found a gate to the Vaults.
 16736 | D:14     | 16736 ||| RETREEAATING.
 16738 | D:14     | 16738 ||| Stepping ~*~*~tactically~*~*~ (retreating).
 16775 | D:14     | 16775 ||| Stepping ~*~*~tactically~*~*~ (retreating).
 16776 | D:14     | 16776 ||| Stepping ~*~*~tactically~*~*~ (retreating).
 16777 | D:14     | 16777 ||| Stepping ~*~*~tactically~*~*~ (retreating).
 16778 | D:14     | 16778 ||| Stepping ~*~*~tactically~*~*~ (retreating).
 16779 | D:14     | 16779 ||| Stepping ~*~*~tactically~*~*~ (retreating).
 16830 | D:14     | Received a gift from Okawaru
 17196 | D:14     | 17196 ||| DROPPING +1 ring mail of cold resistance.
 17197 | D:14     | 17197 ||| READING 8 scrolls of identify.
 17197 | D:14     | 17197 ||| IDENTIFYING bubbling inky potion
 17198 | D:14     | 17198 ||| DROPPING potion of brilliance.
 17216 | D:15     | Entered Level 15 of the Dungeon
 17239 | D:15     | 17239 ||| RETREEAATING.
 17241 | D:15     | 17241 ||| RETREEAATING.
 17243 | D:15     | 17243 ||| Stepping ~*~*~tactically~*~*~ (retreating).
 17299 | D:15     | Reached skill level 20 in Ranged Weapons
 17304 | D:15     | 17304 ||| Stepping ~*~*~tactically~*~*~ (retreating).
 17305 | D:15     | 17305 ||| Stepping ~*~*~tactically~*~*~ (retreating).
 17307 | D:15     | 17307 ||| Stepping ~*~*~tactically~*~*~ (retreating).
 17501 | D:15     | 17501 ||| RETREEAATING.
 17535 | D:15     | Received a gift from Okawaru
 17582 | D:15     | Found a staircase to the Depths.
 17667 | D:15     | Found Waletuog's Magic Scroll Emporium.
 17672 | D:15     | 17672 ||| BUYING scroll of teleportation (42 gold).
 17672 | D:15     | Bought a scroll of teleportation for 42 gold pieces
 17672 | D:15     | 17672 ||| BUYING scroll of teleportation (42 gold).
 17672 | D:15     | Bought a scroll of teleportation for 42 gold pieces
 18001 | D:15     | 18001 ||| PLANNING ORC
 18093 | Orc:1    | Entered Level 1 of the Orcish Mines
 18096 | Orc:1    | 18096 ||| STAIRDANCE
 18098 | D:11     | 18098 ||| DRINKING 5 potions of curing.
 18098 | D:11     | 18098 ||| (to cure confusion)
 18101 | Orc:1    | 18101 ||| STAIRDANCE
 18107 | Orc:1    | 18107 ||| STAIRDANCE
 18190 | Orc:1    | 18190 ||| STAIRDANCE
 18195 | Orc:1    | 18195 ||| STAIRDANCE
 18205 | Orc:1    | 18205 ||| STAIRDANCE
 18215 | Orc:1    | 18215 ||| STAIRDANCE
 18229 | Orc:1    | 18229 ||| STAIRDANCE
 18237 | Orc:1    | 18237 ||| STAIRDANCE
 18330 | Orc:1    | Noticed Jorgrun
 18331 | Orc:1    | 18331 ||| INVOKING Finesse.
 18337 | Orc:1    | Killed Jorgrun
 18388 | Orc:1    | 18388 ||| FLEEEEING.
 18415 | Orc:1    | Noticed Sonja
 18420 | Orc:1    | Killed Sonja
 18544 | Orc:1    | Noticed Nergalle
 18549 | Orc:1    | Killed Nergalle
 18732 | Orc:2    | Entered Level 2 of the Orcish Mines
 18771 | Orc:2    | 18771 ||| RETREEAATING.
 18773 | Orc:2    | 18773 ||| STILL RETREEAATING.
 18774 | Orc:2    | 18774 ||| STILL RETREEAATING.
 18775 | Orc:2    | 18775 ||| STILL RETREEAATING.
 18776 | Orc:2    | 18776 ||| STILL RETREEAATING.
 18777 | Orc:2    | 18777 ||| STILL RETREEAATING.
 18778 | Orc:2    | 18778 ||| STILL RETREEAATING.
 18779 | Orc:2    | 18779 ||| STILL RETREEAATING.
 18787 | Orc:2    | Reached XP level 16. HP: 88/106 MP: 23/23
 18962 | Orc:2    | Found a staircase to the Elven Halls.
 19118 | Orc:2    | Noticed Nessos
 19126 | Orc:2    | Killed Nessos
 19153 | Orc:2    | 19153 ||| FLEEEEING.
 19154 | Orc:2    | 19154 ||| FLEEEEING.
 19155 | Orc:2    | 19155 ||| FLEEEEING.
 19251 | Orc:2    | Received a gift from Okawaru
 19253 | Orc:2    | Noticed Blork the orc
 19257 | Orc:2    | Killed Blork the orc
 19273 | Orc:2    | 19273 ||| FLEEEEING.
 19274 | Orc:2    | 19274 ||| FLEEEEING.
 19275 | Orc:2    | 19275 ||| FLEEEEING.
 19276 | Orc:2    | 19276 ||| FLEEEEING.
 19277 | Orc:2    | 19277 ||| FLEEEEING.
 19278 | Orc:2    | 19278 ||| FLEEEEING.
 19288 | Orc:2    | 19288 ||| Stepping ~*~*~tactically~*~*~ (retreating).
 19297 | Orc:2    | 19297 ||| Stepping ~*~*~tactically~*~*~ (retreating).
 19298 | Orc:2    | 19298 ||| Stepping ~*~*~tactically~*~*~ (retreating).
 19299 | Orc:2    | 19299 ||| Stepping ~*~*~tactically~*~*~ (retreating).
 19301 | Orc:2    | Reached skill level 21 in Ranged Weapons
 19398 | Orc:2    | Found Liklaome's Jewellery Emporium.
 19407 | Orc:2    | 19407 ||| BUYING brooch of Shielding {Spirit SH+8} (975
                  | gold).
 19407 | Orc:2    | Bought the brooch of Shielding {Spirit SH+8} for 975 gold
                  | pieces
 19407 | Orc:2    | Found the brooch of Shielding {Spirit SH+8}
 19407 | Orc:2    | 19407 ||| SHOPLISTING ring of Gozag's Scorn {rF+ Will+
                  | Str+3 Slay+3 Stlth+} (910 gold, have 860).
 19431 | Orc:2    | Found Gexubok's Mayhem Merchandise.
 19441 | Orc:2    | Received a gift from Okawaru
 19519 | Orc:2    | Found Kirphaell's Antique Weapon Emporium.
 19526 | Orc:2    | 19526 ||| SHOPLISTING +27 heavy crossbow "Sniper" {heavy,
                  | Acc+∞ SInv} (1760 gold, have 937).
 19535 | Orc:2    | Found Xemabb's General Store.
 19542 | Orc:2    | 19542 ||| BUYING scroll of teleportation (33 gold).
 19542 | Orc:2    | Bought a scroll of teleportation for 33 gold pieces
 19615 | Orc:2    | Found Caxakad's Antique Armour Emporium.
 19708 | Orc:2    | 19708 ||| PLANNING SHOALS:1-3
 19708 | Orc:2    | 19708 ||| DROPPING amulet of regeneration.
 19838 | Shoals:1 | Entered Level 1 of the Shoals
 19855 | Shoals:1 | Noticed Kirke
 19856 | Shoals:1 | 19856 ||| INVOKING Finesse.
 19861 | Shoals:1 | Killed Kirke
 20045 | Shoals:1 | Received a gift from Okawaru
 20187 | Shoals:1 | Reached skill level 15 in Fighting
 20575 | Shoals:1 | Noticed a kraken
 20576 | Shoals:1 | 20576 ||| INVOKING Finesse.
 20600 | Shoals:1 | Killed a kraken
 20600 | Shoals:1 | Received a gift from Okawaru
 20674 | Shoals:1 | 20674 ||| RETREEAATING.
 20677 | Shoals:1 | 20677 ||| STILL RETREEAATING.
 21043 | Shoals:2 | Found Mulyrej's Distillery.
 21044 | Shoals:2 | 21044 ||| INVOKING Finesse.
 21159 | Shoals:2 | Received a gift from Okawaru
 21165 | Shoals:2 | 21165 ||| BUYING potion of curing (51 gold).
 21165 | Shoals:2 | Bought a potion of curing for 51 gold pieces
 21165 | Shoals:2 | 21165 ||| BUYING potion of curing (51 gold).
 21165 | Shoals:2 | Bought a potion of curing for 51 gold pieces
 21165 | Shoals:2 | 21165 ||| BUYING potion of enlightenment (85 gold).
 21165 | Shoals:2 | Bought a potion of enlightenment for 85 gold pieces
 21165 | Shoals:2 | 21165 ||| BUYING potion of mutation (136 gold).
 21165 | Shoals:2 | Bought a potion of mutation for 136 gold pieces
 21165 | Shoals:2 | 21165 ||| BUYING potion of mutation (136 gold).
 21165 | Shoals:2 | Bought a potion of mutation for 136 gold pieces
 21206 | Shoals:2 | Identified the +0 hat of Okawaru's Castigation {rC++ Dex-5}
 21270 | Shoals:2 | Reached skill level 22 in Ranged Weapons
 21313 | Shoals:2 | 21313 ||| READING scroll of enchant weapon.
 21313 | Shoals:2 | 21313 ||| ENCHANTING +4 triple crossbow of flaming.
 21399 | Shoals:2 | 21399 ||| RETREEAATING.
 21434 | Shoals:2 | Reached XP level 17. HP: 113/113 MP: 24/24
 21567 | Shoals:2 | Found Caunaq's Firing Range.
 22010 | Shoals:2 | 22010 ||| DROPPING +0 hat of Okawaru's Castigation {rC++
                  | Dex-5}.
 22011 | Shoals:2 | 22011 ||| DROPPING +6 ring of strength.
 22067 | Shoals:3 | Received a gift from Okawaru
 22101 | Shoals:3 | Found Guukaot's Weapon Shop.
 22341 | Shoals:3 | Noticed Bai Suzhen
 22342 | Shoals:3 | 22342 ||| INVOKING Finesse.
 22352 | Shoals:3 | Killed Bai Suzhen
 22353 | Shoals:3 | 22353 ||| Stepping ~*~*~tactically~*~*~ (cloud).
 22455 | Shoals:3 | 22455 ||| FLEEEEING.
 22456 | Shoals:3 | 22456 ||| FLEEEEING.
 22457 | Shoals:3 | 22457 ||| FLEEEEING.
 22458 | Shoals:3 | 22458 ||| FLEEEEING.
 22459 | Shoals:3 | 22459 ||| FLEEEEING.
 22460 | Shoals:3 | 22460 ||| FLEEEEING.
 22461 | Shoals:3 | 22461 ||| FLEEEEING.
 22462 | Shoals:3 | 22462 ||| FLEEEEING.
 22599 | Shoals:3 | Noticed Ilsuiw
 22603 | Shoals:3 | 22603 ||| RETREEAATING.
 22608 | Shoals:3 | Received a gift from Okawaru
 22630 | Shoals:3 | 22630 ||| FLEEEEING.
 22646 | Shoals:3 | Killed Ilsuiw
 22647 | Shoals:3 | Reached skill level 23 in Ranged Weapons
 23198 | Shoals:3 | 23198 ||| PLANNING SNAKE:1-3
 23319 | Snake:1  | Entered Level 1 of the Snake Pit
 23472 | Snake:1  | 23472 ||| RETREEAATING.
 23871 | Snake:1  | Found Hadoxiz's Assorted Antiques.
 23886 | Snake:1  | 23886 ||| BUYING bone ring (165 gold).
 23886 | Snake:1  | Bought a bone ring for 165 gold pieces
 23886 | Snake:1  | 23886 ||| BUYING dyed leather armour (165 gold).
 23886 | Snake:1  | Bought a dyed leather armour for 165 gold pieces
 23886 | Snake:1  | 23886 ||| BUYING potion of mutation (264 gold).
 23886 | Snake:1  | Bought a potion of mutation for 264 gold pieces
 23886 | Snake:1  | 23886 ||| BUYING scroll of teleportation (99 gold).
 23886 | Snake:1  | Bought a scroll of teleportation for 99 gold pieces
 24175 | Snake:1  | Noticed Aizul
 24178 | Snake:1  | Killed Aizul
 24224 | Snake:1  | 24224 ||| DROPPING +3 leather armour.
 24225 | Snake:1  | 24225 ||| DROPPING ring of flight.
 24259 | Snake:2  | 24259 ||| STAIRDANCE
 24264 | Snake:2  | 24264 ||| STAIRDANCE
 24264 | Snake:2  | Noticed Nikola
 24272 | Snake:2  | 24272 ||| INVOKING Finesse.
 24275 | Snake:2  | 24275 ||| STAIRDANCE
 24313 | Snake:2  | 24313 ||| STAIRDANCE
 24322 | Snake:1  | Killed Nikola
 24322 | Snake:1  | Received a gift from Okawaru
 24423 | Snake:2  | 24423 ||| STAIRDANCE
 24433 | Snake:2  | 24433 ||| STAIRDANCE
 24439 | Snake:2  | 24439 ||| STAIRDANCE
 24516 | Snake:2  | Found a hide-covered altar of Uskayaw.
 24603 | Snake:2  | Reached skill level 9 in Dodging
 24603 | Snake:2  | Noticed Vashnia
 24605 | Snake:2  | 24605 ||| INVOKING Finesse.
 24612 | Snake:2  | 24612 ||| RETREEAATING.
 24623 | Snake:2  | Killed Vashnia
 24774 | Snake:2  | 24774 ||| READING scroll of brand weapon.
 24774 | Snake:2  | 24774 ||| BRANDING +5 triple crossbow of flaming.
 24881 | Snake:3  | 24881 ||| RETREEAATING.
 24882 | Snake:3  | 24882 ||| STILL RETREEAATING.
 24883 | Snake:3  | Received a gift from Okawaru
 24907 | Snake:3  | Reached XP level 18. HP: 120/120 MP: 25/25
 24988 | Snake:3  | Found a sparkling altar of Nemelex Xobeh.
 24992 | Snake:3  | 24992 ||| Stepping ~*~*~tactically~*~*~ (retreating).
 24993 | Snake:3  | 24993 ||| Stepping ~*~*~tactically~*~*~ (retreating).
 24994 | Snake:3  | 24994 ||| Stepping ~*~*~tactically~*~*~ (retreating).
 25008 | Snake:3  | 25008 ||| FLEEEEING.
 25009 | Snake:3  | 25009 ||| FLEEEEING.
 25024 | Snake:3  | 25024 ||| FLEEEEING.
 25032 | Snake:3  | 25032 ||| STAIRDANCE
 25326 | Snake:3  | Received a gift from Okawaru
 25639 | Snake:3  | 25639 ||| PLANNING SHOALS:4
 25816 | Shoals:4 | Entered Level 4 of the Shoals
 25817 | Shoals:4 | 25817 ||| INVOKING Finesse.
 25818 | Shoals:4 | 25818 ||| STAIRDANCE
 25845 | Shoals:4 | 25845 ||| STAIRDANCE
 25853 | Shoals:4 | 25853 ||| STAIRDANCE
 25866 | Shoals:4 | 25866 ||| RETREEAATING.
 25867 | Shoals:4 | 25867 ||| STILL RETREEAATING.
 25868 | Shoals:4 | 25868 ||| STILL RETREEAATING.
 25869 | Shoals:4 | 25869 ||| STILL RETREEAATING.
 25869 | Shoals:4 | Found the +12 glaive of Prune {freeze, Prune}
 25870 | Shoals:4 | 25870 ||| STILL RETREEAATING.
 25871 | Shoals:4 | 25871 ||| STILL RETREEAATING.
 25872 | Shoals:4 | 25872 ||| INVOKING Finesse.
 25881 | Shoals:4 | Reached skill level 24 in Ranged Weapons
 25888 | Shoals:4 | 25888 ||| Stepping ~*~*~tactically~*~*~ (retreating).
 25891 | Shoals:4 | 25891 ||| RETREEAATING.
 25967 | Shoals:4 | 25967 ||| FLEEEEING.
 26000 | Shoals:4 | Identified the +0 falchion "Pusuix" {chaos, Will+}
 26050 | Shoals:4 | Received a gift from Okawaru
 26203 | Shoals:4 | Got a barnacled rune of Zot
 26573 | Shoals:4 | 26573 ||| PLANNING VAULTS:1-4
 26861 | Vaults:1 | Entered Level 1 of the Vaults
 26870 | Vaults:1 | 26870 ||| RETREEAATING.
 26871 | Vaults:1 | 26871 ||| STILL RETREEAATING.
 26872 | Vaults:1 | 26872 ||| STILL RETREEAATING.
 26873 | Vaults:1 | 26873 ||| STILL RETREEAATING.
 26874 | Vaults:1 | 26874 ||| STILL RETREEAATING.
 26875 | Vaults:1 | 26875 ||| STILL RETREEAATING.
 26876 | Vaults:1 | 26876 ||| INVOKING Finesse.
 26887 | Vaults:1 | Received a gift from Okawaru
 26999 | Vaults:1 | 26999 ||| FLEEEEING.
 27000 | Vaults:1 | 27000 ||| FLEEEEING.
 27001 | Vaults:1 | 27001 ||| FLEEEEING.
 27002 | Vaults:1 | 27002 ||| FLEEEEING.
 27003 | Vaults:1 | 27003 ||| FLEEEEING.
 27004 | Vaults:1 | 27004 ||| FLEEEEING.
 27005 | Vaults:1 | 27005 ||| FLEEEEING.
 27006 | Vaults:1 | 27006 ||| FLEEEEING.
 27009 | Vaults:1 | 27009 ||| FLEEEEING.
 27010 | Vaults:1 | 27010 ||| FLEEEEING.
 27011 | Vaults:1 | 27011 ||| FLEEEEING.
 27012 | Vaults:1 | 27012 ||| FLEEEEING.
 27013 | Vaults:1 | 27013 ||| FLEEEEING.
 27014 | Vaults:1 | 27014 ||| FLEEEEING.
 27015 | Vaults:1 | 27015 ||| FLEEEEING.
 27016 | Vaults:1 | 27016 ||| FLEEEEING.
 27017 | Vaults:1 | 27017 ||| FLEEEEING.
 27018 | Vaults:1 | 27018 ||| FLEEEEING.
 27109 | Vaults:1 | Found Vipod's Weapon Shop.
 27246 | Vaults:1 | 27246 ||| RETREEAATING.
 27247 | Vaults:1 | 27247 ||| STILL RETREEAATING.
 27248 | Vaults:1 | 27248 ||| STILL RETREEAATING.
 27362 | Vaults:1 | 27362 ||| FLEEEEING.
 27363 | Vaults:1 | 27363 ||| FLEEEEING.
 27364 | Vaults:1 | 27364 ||| FLEEEEING.
 27371 | Vaults:1 | 27371 ||| FLEEEEING.
 27372 | Vaults:1 | 27372 ||| FLEEEEING.
 27373 | Vaults:1 | 27373 ||| FLEEEEING.
 27374 | Vaults:1 | 27374 ||| FLEEEEING.
 27375 | Vaults:1 | 27375 ||| FLEEEEING.
 27376 | Vaults:1 | 27376 ||| FLEEEEING.
 27377 | Vaults:1 | 27377 ||| FLEEEEING.
 27378 | Vaults:1 | 27378 ||| FLEEEEING.
 27379 | Vaults:1 | 27379 ||| FLEEEEING.
 27380 | Vaults:1 | 27380 ||| FLEEEEING.
 27381 | Vaults:1 | 27381 ||| FLEEEEING.
 27382 | Vaults:1 | 27382 ||| FLEEEEING.
 27388 | Vaults:1 | 27388 ||| FLEEEEING.
 27389 | Vaults:1 | 27389 ||| FLEEEEING.
 27390 | Vaults:1 | 27390 ||| FLEEEEING.
 27391 | Vaults:1 | 27391 ||| FLEEEEING.
 27392 | Vaults:1 | 27392 ||| FLEEEEING.
 27393 | Vaults:1 | 27393 ||| RETREEAATING.
 27394 | Vaults:1 | 27394 ||| STILL RETREEAATING.
 27395 | Vaults:1 | 27395 ||| Stepping ~*~*~tactically~*~*~ (retreating).
 27396 | Vaults:1 | 27396 ||| Stepping ~*~*~tactically~*~*~ (retreating).
 27397 | Vaults:1 | 27397 ||| Stepping ~*~*~tactically~*~*~ (retreating).
 27399 | Vaults:1 | 27399 ||| INVOKING Finesse.
 27409 | Vaults:1 | Received a gift from Okawaru
 27416 | Vaults:1 | 27416 ||| DRINKING 3 potions of cancellation.
 27632 | Vaults:1 | 27632 ||| RETREEAATING.
 27633 | Vaults:1 | 27633 ||| STILL RETREEAATING.
 27634 | Vaults:1 | 27634 ||| STILL RETREEAATING.
 27635 | Vaults:1 | 27635 ||| STILL RETREEAATING.
 27636 | Vaults:1 | 27636 ||| STILL RETREEAATING.
 27637 | Vaults:1 | 27637 ||| STILL RETREEAATING.
 27638 | Vaults:1 | 27638 ||| STILL RETREEAATING.
 27639 | Vaults:1 | 27639 ||| STILL RETREEAATING.
 27640 | Vaults:1 | 27640 ||| STILL RETREEAATING.
 27643 | Vaults:1 | 27643 ||| Stepping ~*~*~tactically~*~*~ (retreating).
 27645 | Vaults:1 | 27645 ||| Stepping ~*~*~tactically~*~*~ (retreating).
 27646 | Vaults:1 | 27646 ||| Stepping ~*~*~tactically~*~*~ (retreating).
 27647 | Vaults:1 | 27647 ||| Stepping ~*~*~tactically~*~*~ (retreating).
 27648 | Vaults:1 | 27648 ||| Stepping ~*~*~tactically~*~*~ (retreating).
 27649 | Vaults:1 | 27649 ||| INVOKING Finesse.
 27654 | Vaults:1 | 27654 ||| Stepping ~*~*~tactically~*~*~ (retreating).
 27655 | Vaults:1 | 27655 ||| Stepping ~*~*~tactically~*~*~ (retreating).
 27656 | Vaults:1 | 27656 ||| Stepping ~*~*~tactically~*~*~ (retreating).
 27658 | Vaults:1 | HP: 12/123 [vault warden/+0 glaive (22)]
 27659 | Vaults:1 | 27659 ||| READING 15 scrolls of teleportation.
 27660 | Vaults:1 | 27660 ||| DRINKING 3 potions of heal wounds.
 28142 | Vaults:1 | Paralysed by a sphinx for 5 turns
 28147 | Vaults:1 | 28147 ||| INVOKING Finesse.
 28150 | Vaults:1 | 28150 ||| RETREEAATING.
 28151 | Vaults:1 | 28151 ||| STILL RETREEAATING.
 28152 | Vaults:1 | 28152 ||| STILL RETREEAATING.
 28153 | Vaults:1 | 28153 ||| STILL RETREEAATING.
 28154 | Vaults:1 | 28154 ||| STILL RETREEAATING.
 28158 | Vaults:1 | Received a gift from Okawaru
 28166 | Vaults:1 | Reached XP level 19. HP: 114/128 MP: 23/26
 28215 | Vaults:1 | 28215 ||| RETREEAATING.
 28217 | Vaults:1 | 28217 ||| STILL RETREEAATING.
 28219 | Vaults:1 | 28219 ||| Stepping ~*~*~tactically~*~*~ (retreating).
 28224 | Vaults:1 | 28224 ||| Stepping ~*~*~tactically~*~*~ (retreating).
 28227 | Vaults:1 | 28227 ||| INVOKING Finesse.
 28241 | Vaults:1 | Reached skill level 25 in Ranged Weapons
 28657 | Vaults:1 | Found a portal to a secret trove of treasure.
 29005 | Vaults:1 | 29005 ||| DROPPING +1 pair of gloves.
 29006 | Vaults:1 | 29006 ||| DROPPING +2 pair of boots.
 29007 | Vaults:1 | 29007 ||| READING 18 scrolls of identify.
 29007 | Vaults:1 | 29007 ||| IDENTIFYING emerald potion
 29008 | Vaults:1 | 29008 ||| DROPPING potion of berserk rage.
 29084 | Vaults:2 | 29084 ||| READING scroll of enchant weapon.
 29084 | Vaults:2 | 29084 ||| ENCHANTING +5 heavy triple crossbow.
 29130 | Vaults:2 | Noticed Zenata
 29131 | Vaults:2 | 29131 ||| INVOKING Finesse.
 29133 | Vaults:2 | 29133 ||| RETREEAATING.
 29134 | Vaults:2 | 29134 ||| STILL RETREEAATING.
 29135 | Vaults:2 | 29135 ||| STILL RETREEAATING.
 29136 | Vaults:2 | 29136 ||| STILL RETREEAATING.
 29137 | Vaults:2 | 29137 ||| STILL RETREEAATING.
 29138 | Vaults:2 | 29138 ||| Stepping ~*~*~tactically~*~*~ (retreating).
 29144 | Vaults:2 | HP: 32/129 [+2 halberd of venom[Zenata] (17)]
 29145 | Vaults:2 | 29145 ||| READING 17 scrolls of teleportation.
 29146 | Vaults:2 | 29146 ||| DRINKING 2 potions of heal wounds.
 29147 | Vaults:2 | 29147 ||| DRINKING potion of heal wounds.
 29461 | Vaults:2 | Noticed Margery
 29462 | Vaults:2 | 29462 ||| Stepping ~*~*~tactically~*~*~ (retreating).
 29463 | Vaults:2 | 29463 ||| Stepping ~*~*~tactically~*~*~ (retreating).
 29464 | Vaults:2 | 29464 ||| Stepping ~*~*~tactically~*~*~ (retreating).
 29465 | Vaults:2 | 29465 ||| Stepping ~*~*~tactically~*~*~ (retreating).
 29466 | Vaults:2 | 29466 ||| INVOKING Heroism.
 29467 | Vaults:2 | 29467 ||| Stepping ~*~*~tactically~*~*~ (retreating).
 29468 | Vaults:2 | 29468 ||| Stepping ~*~*~tactically~*~*~ (retreating).
 29469 | Vaults:2 | 29469 ||| INVOKING Finesse.
 29476 | Vaults:2 | 29476 ||| Stepping ~*~*~tactically~*~*~ (retreating).
 29477 | Vaults:2 | 29477 ||| Stepping ~*~*~tactically~*~*~ (retreating).
 29478 | Vaults:2 | 29478 ||| Stepping ~*~*~tactically~*~*~ (retreating).
 29479 | Vaults:2 | 29479 ||| Stepping ~*~*~tactically~*~*~ (retreating).
 29480 | Vaults:2 | 29480 ||| Stepping ~*~*~tactically~*~*~ (retreating).
 29481 | Vaults:2 | 29481 ||| Stepping ~*~*~tactically~*~*~ (retreating).
 29482 | Vaults:2 | 29482 ||| Stepping ~*~*~tactically~*~*~ (retreating).
 29485 | Vaults:2 | 29485 ||| Stepping ~*~*~tactically~*~*~ (retreating).
 29485 | Vaults:2 | HP: 32/130 [hell knight/+2 halberd of draining[Margery]
                  | (3)]
 29486 | Vaults:2 | 29486 ||| READING 16 scrolls of teleportation.
 29491 | Vaults:2 | Killed Margery
 29492 | Vaults:2 | Reached skill level 18 in Fighting
 29737 | Vaults:2 | Received a gift from Okawaru
 29753 | Vaults:2 | 29753 ||| INVOKING Finesse.
 29756 | Vaults:2 | 29756 ||| RETREEAATING.
 29757 | Vaults:2 | 29757 ||| STILL RETREEAATING.
 29759 | Vaults:2 | 29759 ||| STILL RETREEAATING.
 29760 | Vaults:2 | 29760 ||| STILL RETREEAATING.
 29761 | Vaults:2 | 29761 ||| STILL RETREEAATING.
 29762 | Vaults:2 | 29762 ||| STILL RETREEAATING.
 29763 | Vaults:2 | 29763 ||| STILL RETREEAATING.
 29764 | Vaults:2 | 29764 ||| STILL RETREEAATING.
 29765 | Vaults:2 | 29765 ||| STILL RETREEAATING.
 29766 | Vaults:2 | 29766 ||| STILL RETREEAATING.
 29767 | Vaults:2 | 29767 ||| STILL RETREEAATING.
 29774 | Vaults:2 | 29774 ||| Stepping ~*~*~tactically~*~*~ (retreating).
 29775 | Vaults:2 | 29775 ||| Stepping ~*~*~tactically~*~*~ (retreating).
 29776 | Vaults:2 | 29776 ||| Stepping ~*~*~tactically~*~*~ (retreating).
 29777 | Vaults:2 | 29777 ||| Stepping ~*~*~tactically~*~*~ (retreating).
 29778 | Vaults:2 | 29778 ||| Stepping ~*~*~tactically~*~*~ (retreating).
 29778 | Vaults:2 | HP: 24/130 [+5 glaive of distortion[Zenata] (23)]
 29778 | Vaults:2 | HP: 7/130 [Zenata/a resonance strike (12)]
 29779 | Vaults:2 | 29779 ||| READING 15 scrolls of teleportation.
 29779 | Vaults:2 | Slain by a +5 glaive of distortion

Levels and vault maps discovered:
D:1:      moated_graveyard_arrival, layout_basic, st_stairs_12, minmay_3d_cube
D:2:      layout_loops_cross, serial_shops, nicolae_lakefront_shop, basic_altar,
          ebering_dispersal_statue_hall
D:3:      layout_basic, lemuel_coloured_pillars_altar, gup_sewer_entry_bowl
D:4:      layout_basic, minmay_temple_entry_statues_fountains,
          corexii_item_surrounded_by_moat
D:5:      layout_cave_pools, nicolae_overflow_hidden_temple,
          nicolae_ru_the_path_less_chosen, nemelex_spade_bored_becter,
          dancing_weapons_uskayaw, uniq_prince_ribbit1
D:6:      layout_basic, uniq_menkaure
D:7:      cheibrodos_two_vegetables, layout_basic,
          mainiacjoe_overflow_small_starburst, kennysheep_generic_room_6
D:8:      cheibrodos_shockbox, layout_loops_ring, kennysheep_little_box,
          gammafunk_ghost_hydra_chop, serial_shops, shop
D:9:      layout_roguey, tso_altar, makhleb_altar_promises_db, serial_bayou,
          serial_bayou_pond_b, serial_bayou_shore_a, serial_bayou_ford_a,
          serial_bayou_pond_b
D:10:     layout_roguey, kennysheep_orc_sif_temple, yredelemnul_altar_generic,
          uniq_gastronok, uniq_amaemon, uniq_erica, uniq_harold
D:11:     gammafunk_the_bubble [the_bubble_gammafunk_split],
          layout_loops_corners, lair_entry_dummy, orc_0_dummy
D:12:     layout_roguey, gammafunk_ghost_stat_death, kb_lookout_dungeons_type
D:13:     layout_roguey
D:14:     layout_basic, david_vaults_4, hangedman_decor_opposing,
          minmay_joined_circles, uniq_agnes
D:15:     grunt_enter_depths_magical_seal, layout_loops_ring, serial_shops,
          shop_scrolls, minmay_misc_feat_rows, minmay_crystal_room
Temple:   jpeg_temple_clearing
Lair:1:   layout_regular_city
Lair:2:   layout_cave_pods, evilmike_ambush [evilmike_ambush_outer_basic,
          evilmike_ambush_inner_basic]
Lair:3:   layout_long_grid, shoals_dummy_entry, nicolae_snake_entry_squirm,
          nicolae_volcano_entry_s_turn
Lair:4:   layout_small_grid, gauntlet_entry_generic, lemuel_fruit_fields
Lair:5:   hangedman_lair_tendril_chambers, layout_gridlike,
          guppyfry_lair_end_dragon, minmay_slime_entry_jelly_boxes,
          chequers_serial_rivers_marsh
Shoals:1: layout_shoals, uniq_kirke
Shoals:2: layout_shoals, serial_shops, shop, nicolae_shop_firing_range
Shoals:3: layout_shoals, serial_shops, shop, uniq_bai_suzhen, uniq_ilsuiw
Shoals:4: shoals_end_grunt_garden, layout_shoals
Snake:1:  layout_onion_interference, serial_shops, shop, uniq_aizul
Snake:2:  layout_cave_shapes, basic_altar, uniq_nikola, uniq_vashnia
Snake:3:  layout_misc_corridors, basic_altar, nicolae_coiled_stairwell_down,
          grunt_megastairs_2
Orc:1:    layout_caves, uniq_nergalle, uniq_jorgrun, uniq_sonja
Orc:2:    grunt_orc_cross, layout_caves, minmay_shop_mayhem, uniq_nessos
Vaults:1: vaults_mumra_lcd, v_misc_17, nicolae_vaults_sightless_eye,
          nicolae_vaults_angled_halls, st_hourglassy,
          ontoclasm_vaults_loading_screen, layout_vaults_chaotic_city,
          nicolae_trove_entry_columns, serial_shops,
          nicolae_shop_tiny_waterfront
Vaults:2: st_lines, minmay_crypt_entry_nasty_monster, hangedman_vaults_slice,
          vaults_room_fancy_cross, hangedman_vaults_stitches, v_misc_23,
          v_pattern_3, nicolae_vaults_angled_halls,
          nicolae_vaults_three_branches, nicolae_vaults_six-pack,
          vaults_room_pools, ontoclasm_vaults_gateway,
          nicolae_vaults_frosty_reception, nicolae_vaults_circle_grid_a,
          nicolae_vaults_tetromino_T_2, layout_vaults_maze, serial_shops,
          nicolae_shop_real_fake_doors, uniq_margery, uniq_zenata

Skill      XL: |  1  2  3  4  5  6  7  8  9 10 11 12 13 14 15 16 17 18 19 |
---------------+----------------------------------------------------------+-----
Ranged Weapons | 5 6 7 8 9 11 12 14 15 16 18 20 22 23 24 25 | 25.1
Fighting       | 3 4 5 6 8 9 10 13 14 15 16 17 18 | 18.0
Armour         | 1 3 6 8 9 10 11 | 11.0
Dodging        | 2 3 4 6 7 8 9 |  9.0
Invocations    | 2 4 7 10 | 10.0
Stealth        | |  1.1

Action                     |  1- 3 |  4- 6 |  7- 9 | 10-12 | 13-15 | 16-18 | 19-21 || total
---------------------------+-------+-------+-------+-------+-------+-------+-------++-------
   Fire: Shortbow          |    96 |   120 |   186 |       |       |       |       ||   402
         Orcbow            |       |       |   129 |   565 |   262 |       |       ||   956
         Triple crossbow   |       |       |       |       |   615 |  1023 |   103 ||  1741
 Invoke: Heroism           |       |       |     2 |       |     1 |       |     1 ||     4
         Finesse           |       |       |       |    10 |     8 |    12 |     4 ||    34
         Receive Weapon    |       |       |       |       |     1 |       |       ||     1
         Receive Armour    |       |       |       |       |     1 |       |       ||     1
    Use: Scroll            |     7 |     6 |     8 |    10 |    11 |     3 |     5 ||    50
         Potion            |     1 |     1 |     2 |       |     3 |     2 |     2 ||    11
 Armour: Leather armour    |    11 |       |    86 |   120 |       |       |       ||   217
         Ring mail         |     2 |     6 |       |    17 |   320 |   431 |   158 ||   934
         Robe              |       |    27 |       |       |       |       |       ||    27
         Troll leather arm |       |       |       |    31 |       |       |       ||    31
  Dodge: Dodged            |    12 |    41 |    94 |   216 |   790 |   757 |   189 ||  2099
         Repelled          |       |       |       |       |     1 |       |       ||     1

Table legend:
 A = Non-vault XP
 B = Vault XP
 C = Vault XP percentage of total XP
 D = Non-vault monster count
 E = Vault monster count
 F = Vault count percentage of total count
                 A         B        C        D         E       F
            +---------+---------+-------+---------+---------+-------
      Total |  236522 |  108407 |  31.4 |     754 |     258 |  25.5
            +---------+---------+-------+---------+---------+-------
        D:1 |      36 |      14 |  28.0 |      22 |       7 |  24.1
        D:2 |      28 |       0 |   0.0 |       8 |       0 |   0.0
        D:3 |      71 |      23 |  24.5 |      13 |       4 |  23.5
        D:4 |     599 |       0 |   0.0 |      28 |       0 |   0.0
        D:5 |     356 |     255 |  41.7 |      13 |       1 |   7.1
        D:6 |    1390 |     172 |  11.0 |      28 |       1 |   3.4
        D:7 |     985 |    1123 |  53.3 |      25 |      10 |  28.6
        D:8 |    2529 |       0 |   0.0 |      37 |       0 |   0.0
        D:9 |    2603 |     911 |  25.9 |      30 |       4 |  11.8
       D:10 |    5123 |    4606 |  47.3 |      23 |      10 |  30.3
       D:11 |    6144 |       0 |   0.0 |      27 |       0 |   0.0
       D:12 |    1341 |     106 |   7.3 |      10 |       1 |   9.1
       D:13 |   11680 |    1357 |  10.4 |      30 |       1 |   3.2
       D:14 |    9586 |    6226 |  39.4 |      18 |      12 |  40.0
       D:15 |    8057 |    4382 |  35.2 |      18 |       9 |  33.3
     Lair:1 |    1177 |       0 |   0.0 |       5 |       0 |   0.0
     Lair:2 |    4059 |    1803 |  30.8 |      16 |       5 |  23.8
     Lair:3 |    3140 |     489 |  13.5 |      10 |       3 |  23.1
     Lair:4 |    3292 |      42 |   1.3 |      13 |       1 |   7.1
     Lair:5 |   19999 |   14418 |  41.9 |      51 |      61 |  54.5
   Shoals:1 |   22090 |    1737 |   7.3 |      44 |       3 |   6.4
   Shoals:2 |   20563 |       0 |   0.0 |      38 |       0 |   0.0
   Shoals:3 |   17242 |    6711 |  28.0 |      38 |       5 |  11.6
   Shoals:4 |    4426 |   15466 |  77.7 |       9 |      27 |  75.0
    Snake:1 |   16657 |    3519 |  17.4 |      33 |       2 |   5.7
    Snake:2 |    5038 |    5716 |  53.2 |       9 |       5 |  35.7
    Snake:3 |   15464 |    4055 |  20.8 |      36 |       9 |  20.0
      Orc:1 |    1396 |    3421 |  71.0 |      18 |       3 |  14.3
      Orc:2 |    4710 |    8615 |  64.7 |      34 |      39 |  53.4
   Vaults:1 |   40428 |    9563 |  19.1 |      63 |      12 |  16.0
   Vaults:2 |    6313 |    8880 |  58.4 |       7 |       9 |  56.2
   Gauntlet |       0 |    4797 | 100.0 |       0 |      14 | 100.0
            +---------+---------+-------+---------+---------+-------
